 Dungeon Crawl Stone Soup version 0.30.1-3-gfc49f6343a (webtiles) character file.

Game seed: 9581748393360331029

72 KyoPewz the Cudgeller (level 4, 0/44 HPs)
             Began as an Ogre Gladiator on July 30, 2023.
             Slain by an adder (2 damage)
             ... on level 2 of the Dungeon.
             The game lasted 00:02:36 (1630 turns).

KyoPewz the Cudgeller (Ogre Gladiator)              Turns: 1630, Time: 00:02:37

Health: 0/44       AC:  3    Str: 20    XL:     4   Next: 25%
Magic:  0/4        EV: 10    Int:  9    God:
Gold:   16         SH:  0    Dex: 10    Spells: 3/3 levels left

rFire   . . .        a - +0 flail
rCold   . . .        (no shield)
rNeg    . . .        b - +0 robe
rPois   .            c - +0 hat
rElec   .            (no cloak)
rCorr   .            (gloves unavailable)
SInv    .            (boots unavailable)
Will    .....        q - amulet of guardian spirit
Stlth   +            (no ring)
HPRegen 0.27/turn    (no ring)
MPRegen 0.09/turn

%: guardian spirit
@: lethally poisoned (0 -> -9)
A: large, unfitting armour, tough skin 1
a: no special abilities


You were on level 2 of the Dungeon.
You visited 1 branch of the dungeon, and saw 2 of its levels.

You collected 104 gold pieces.
You spent 88 gold pieces at shops.

Inventory:

Hand Weapons
 a - a +0 flail (weapon)
Missiles
 d - 3 throwing nets (quivered)
 h - 19 stones
Armour
 b - a +0 robe (worn)
 c - a +0 hat (worn)
 p - a +0 cloak
 x - a +0 cloak
Magical Staves
 s - a staff of earth
Jewellery
 q - an amulet of guardian spirit (around neck)
Scrolls
 f - 2 scrolls of blinking {unknown}
 i - a scroll of enchant weapon {unknown}
 l - a scroll of torment {unknown}
 m - 3 scrolls of teleportation {unknown}
 n - a scroll of enchant armour {unknown}
 o - a scroll of amnesia {unknown}
 r - a scroll of acquirement {unknown}
 t - a scroll of noise {unknown}
 u - a scroll of poison {unknown}
 w - a scroll of identify {unknown}
Potions
 g - a potion of flight {unknown}
 j - 2 potions of ambrosia {unknown}
 k - a potion of curing {unknown}
 v - a potion of haste {unknown}


   Skills:
 - Level 2.6 Fighting
 * Level 4.0 Maces & Flails
 + Level 3.0 Throwing
 - Level 2.6 Dodging


You had 3 spell levels left.
You didn't know any spells.
Your spell library was empty.

Dungeon Overview and Level Annotations

Branches:
Dungeon (2/15)

Altars:

Shops:
D:2 *


Innate Abilities, Weirdness & Mutations

You are too large for most types of armour.
You have tough skin. (AC +1)


Message History

You take 1 damage, and have 26/44 hp.
You hit the adder.
The adder is moderately wounded.
You feel sick. The adder bites you.
You are more poisoned.
The adder poisons you! The adder bites you.
You take 2 damage, and have 24/44 hp.
You now have 2/4 mp.
You closely miss the adder.
The adder is moderately wounded.
You feel very sick. The adder closely misses you. The adder bites you.
You are more poisoned.
The adder poisons you!
You take 3 damage, and have 21/44 hp.
You closely miss the adder.
The adder is moderately wounded.
You feel very sick. The adder bites you.
You are more poisoned.
The adder poisons you!
You take 4 damage, and have 17/44 hp.
You now have 1/4 mp.
You closely miss the adder.
The adder is moderately wounded.
You feel very sick. The adder bites you.
* * * LOW HITPOINT WARNING * * *
The adder bites you.
* * * LOW HITPOINT WARNING * * *
You are more poisoned.
The adder poisons you!
You take 9 damage, and have 8/44 hp.
MASSIVE DAMAGE!!
Throw: large rock
Press: ? - help, Shift-Dir - straight line, f - adder
Aim: an adder (moderately wounded, 38% to hit)
You throw a large rock.
The large rock completely misses the adder.
* * * LOW HITPOINT WARNING * * *
You feel extremely sick. The adder bites you.
You die...

.......# #..#
#......## #..#
#.......#
###..#
##......#
#....# #......#
#.#.##
####.##.##
#.#.####
....#.#.##
#.#....#
##...###.##
#.####.# #..##
##.# #@# #.#
##..###.## #S#
#.# #.#.#..#
#.# #.#
#.##.#.# #.#
#.# #.##.#>#
#.# #.#
#.##.#.# #.#
#.#
#....#.######.#
#.#
#..###.......(#
#.#
#.[........<..#
#.#


You could see an adder.

Vanquished Creatures
  3 gnolls (D:2)
  A worm (D:2)
  5 ball pythons
  4 bats
  An endoplasm (D:2)
  5 goblins
  5 hobgoblins (D:2)
  3 quokkas
  4 frilled lizards (D:1)
  2 kobolds (D:1)
  6 rats
39 creatures vanquished.

Notes
Turn   | Place    | Note
-------+----------+-------------------------------------------
     0 | D:1      | KyoPewz the Ogre Gladiator began the quest for the Orb.
     0 | D:1      | Reached XP level 1. HP: 22/22 MP: 1/1
    47 | D:1      | Found a faded altar of an unknown god.
   234 | D:1      | Reached skill level 3 in Maces & Flails
   234 | D:1      | Reached XP level 2. HP: 29/29 MP: 2/2
   888 | D:2      | Reached XP level 3. HP: 32/36 MP: 3/3
  1217 | D:2      | Found Sadougua's Assorted Antiques.
  1287 | D:2      | Bought a scroll labelled OHOPOE YCLA for 18 gold pieces
  1287 | D:2      | Bought a scroll labelled ZAPTIE OTATAA for 18 gold pieces
  1287 | D:2      | Bought a scroll labelled JUOTUNT UQAE for 18 gold pieces
  1287 | D:2      | Bought a metallic green potion for 16 gold pieces
  1287 | D:2      | Bought a scroll labelled YDIYRIF CETTI for 18 gold pieces
  1416 | D:2      | Reached XP level 4. HP: 9/44 MP: 0/4
  1417 | D:2      | Reached skill level 4 in Maces & Flails
  1630 | D:2      | HP: 2/44 [poisoned by an adder]
  1630 | D:2      | Slain by an adder

Illustrated notes

Levels and vault maps discovered:
D:1:      scummos_arrival_star, layout_loops_corners,
          hellmonk_ecumenical_altar_heavens_door, minmay_misc_feat_columns
D:2:      layout_loops_ring, serial_shops, shop

Skill      XL: |  1  2  3  4 |
---------------+-------------+-----
Maces & Flails | 3 4 |  4.0
Throwing       | 3 |  3.0
Fighting       | |  2.6
Dodging        | |  2.6

Action                     |  1- 3 |  4- 6 || total
---------------------------+-------+-------++-------
  Melee: Flail             |   116 |    14 ||   130
         Punch             |     1 |       ||     1
  Throw: Large rock        |       |     2 ||     2
   Stab: Sleeping          |     2 |       ||     2
 Armour: Robe              |    31 |     5 ||    36
  Dodge: Dodged            |    49 |     7 ||    56
